 Dungeon Crawl Stone Soup version 0.29-a0-1027-gcd8c55af63 (webtiles) character file.

Game seed: 6193097265392526326

211 sanka the Insei (level 6, 0/50 HPs)
             Began as a Meteoran Transmuter on Aug 13, 2022.
             Slain by a mummy (18 damage)
             ... in an ossuary.
             The game lasted 00:05:28 (924 turns).

sanka the Insei (Meteoran Transmuter)                Turns: 924, Time: 00:05:29

Health: 0/50       AC:  4    Str: 11    XL:     6   Next: 36%
Magic:  11/11      EV: 12    Int: 17    God:
Gold:   169        SH:  0    Dex: 15    Spells: 5/11 levels left

rFire   . . .      SeeInvis .     - Unarmed
rCold   . . .      Faith    .   (no shield)
rNeg    . . .      Spirit   .   a - +0 robe
rPois   .          Reflect  .   h - +1 helmet
rElec   .          Harm     .   (no cloak)
rCorr   +          Rampage  .   (no gloves)
Will    .....                   (no boots)
Stlth   +.........              (no amulet)
HPRegen 0.16/turn               (no ring)
MPRegen 0.12/turn               e - ring of resist corrosion

@: wereblooded (expiring), glowing
A: sense surroundings 1, otherworldly, glowing, explore regen
a: no special abilities


You were in an ossuary.
You visited 1 branch of the dungeon, and saw 4 of its levels.
You also visited: Ossuary.

You collected 169 gold pieces.


Innate Abilities, Weirdness & Mutations

You passively map a small area around you.
You are easily found by Zot.
You glow in the dark.
You regain HP and MP as you explore.


   Skills:
 + Level 2.6 Fighting
 - Level 2.4 Dodging
 + Level 4.5 Unarmed Combat
 - Level 3.0 Spellcasting
 - Level 4.0 Transmutations
 - Level 4.0 Poison Magic


You had 5 spell levels left.
You knew the following spells:

 Your Spells              Type           Power      Damage    Failure   Level
x - Spider Form           Tmut/Pois      16%        N/A       10%         3
y - Wereblood             Tmut           16%        N/A       4%          2
z - Beastly Appendage     Tmut           32%        N/A       3%          1

Your spell library contained the following spells:

 Spells                   Type           Power      Damage    Failure   Level
 Ignite Poison            Fire/Tmut/Pois 11%        N/A       19%         3
 Mephitic Cloud           Conj/Pois/Air  7%         N/A       30%         3
 Ice Form                 Ice/Tmut       9%         N/A       58%         4
 Freezing Cloud           Conj/Ice/Air   1%         6-21      99%         5

Inventory:

Armour
 a - a +0 robe (worn)
 h - a +1 helmet (worn)
Jewellery
 e - a ring of resist corrosion (right hand)
Scrolls
 f - a scroll of enchant weapon {unknown}
 g - a scroll of amnesia {unknown}
 i - a scroll of vulnerability {unknown}
 k - 2 scrolls of brand weapon {unknown}
 l - 3 scrolls of identify {unknown}
 m - a scroll of noise {unknown}
 n - 2 scrolls of immolation {unknown}
 o - a scroll of fear {unknown}
 r - a scroll of blinking {unknown}
Potions
 b - 2 potions of lignification {!q}
 c - 2 potions of flight {unknown}
 d - 5 potions of curing {unknown}
 j - a potion of haste {unknown}
 p - a potion of magic {unknown}
 q - a potion of heal wounds {unknown}
 s - a potion of mutation {unknown}

Dungeon Overview and Level Annotations

Branches:
Dungeon (4/15) Zot: 1629  Ossuary (1/1) Zot: 459
 Temple: D:4-7

Altars:
Kikubaaqudgha
The Shining One

Annotations:
D:3 Ijyb

▒▒▒▒ ▒▒▒▒▒▒ ▒..'
▒▒..'.▒▒ ▒.▒▒
▒▒..▒▒..▒▒ ▒▒'▒▒
▒▒▒..▒▒▒▒..▒▒▒▒▒...▒
▒..p▒▒ ▒▒.....'...'
▒.▒▒M▒ ▒▒▒.▒▒▒...▒
▒▒'▒▒!▒▒▒ ▒▒▒ ▒▒'▒▒
░▒...▒▒▒.▒▒ ▒..+
+...'....+ ░▒+..
▒...▒▒▒▒▒▒ ░ ▒.
▒▒+▒▒ ░ ░░ ▒ ░ ░ ░░
, ░░


You could see a mummy.


Message History

The mummy barely misses you.
You bite the mummy!
You destroy the mummy!
You hiss as the wereblood boils in your veins!
Unknown command.
c - 2 golden potions (gained 1)
There is an open door here.
Your transformation has ended.
There is an open door here.
You open the door.
A mummy comes into view.
Found 2 black potions.
You closely miss the mummy. You hit the mummy.
The mummy is moderately damaged.
The mummy hits you!
You hit the mummy but do no damage.
The mummy is moderately damaged.
Your primal bloodlust is almost over.
You hit the mummy but do no damage.
The mummy is moderately damaged.
The mummy hits you!
* * * LOW HITPOINT WARNING * * *
You hit the mummy but do no damage. Your punch misses the mummy.
The mummy is moderately damaged.
You hit the mummy.
The mummy is heavily damaged.
The mummy hits you!!
You die...

Action                   |  1- 3 |  4- 6 || total
-------------------------+-------+-------++-------
Melee: Unarmed           |    71 |    89 ||   160
       Kick              |    12 |       ||    12
       Headbutt          |     8 |       ||     8
       Punch             |       |     2 ||     2
 Cast: Beastly Appendage |    16 |       ||    16
       Spider Form       |     1 |     5 ||     6
       Wereblood         |     1 |     4 ||     5
Armor: Robe              |    20 |     4 ||    24
       Skin              |     1 |     4 ||     5
Dodge: Dodged            |    36 |    35 ||    71

Levels and vault maps discovered:
D:1:      mrwooster_arrival_arrow, layout_basic,
          chequers_ecumenical_altar_simple_redux
D:2:      layout_rooms
D:3:      layout_basic, uniq_ijyb
D:4:      layout_basic, grunt_temple_overflow_open, gup_ossuary_entry_pyramid,
          uniq_edmund
Ossuary:  ossuary_due_small_catacomb

Notes
Turn   | Place    | Note
-------+----------+-------------------------------------------
     0 | D:1      | sanka the Meteoran Transmuter began the quest for the Orb.
     0 | D:1      | Reached XP level 1. HP: 16/16 MP: 5/5
    79 | D:2      | Reached XP level 2. HP: 11/23 MP: 4/6
    82 | D:2      | Reached skill level 3 in Spellcasting
    82 | D:2      | Reached skill level 1 in Poison Magic
   100 | D:2      | Learned a level 2 spell: Wereblood
   183 | D:1      | Reached skill level 3 in Transmutations
   247 | D:2      | Reached XP level 3. HP: 28/28 MP: 8/8
   308 | D:2      | Learned a level 3 spell: Spider Form
   500 | D:3      | Noticed Ijyb
   502 | D:3      | Reached skill level 2 in Poison Magic
   591 | D:4      | Found an ancient bone altar of Kikubaaqudgha.
   599 | D:4      | Found a glowing golden altar of the Shining One.
   611 | D:4      | Noticed a necrophage
   639 | D:4      | Killed a necrophage
   640 | D:4      | Reached skill level 4 in Transmutations
   640 | D:4      | Reached skill level 3 in Poison Magic
   640 | D:4      | Reached XP level 4. HP: 8/35 MP: 4/9
   640 | D:4      | Reached XP level 5. HP: 10/40 MP: 4/10
   754 | D:4      | Reached skill level 4 in Poison Magic
   768 | D:4      | Found a sand-covered staircase.
   776 | D:4      | Reached skill level 4 in Unarmed Combat
   779 | Ossuary  | Entered an ossuary
   809 | Ossuary  | Reached skill level 2 in Fighting
   809 | Ossuary  | Reached XP level 6. HP: 30/48 MP: 6/11
   924 | Ossuary  | Slain by a mummy

Vanquished Creatures
  A necrophage (D:4)
  An iguana (D:4)
  6 mummies
  An adder (D:4)
  2 dart slugs
  4 orcs
  4 ball pythons
  2 endoplasms
  2 giant cockroaches (D:3)
  2 goblins
  A hobgoblin (D:4)
  2 quokkas
  5 bats
  A frilled lizard (D:2)
  3 gnoll skeletons (Ossuary)
  2 kobolds (D:1)
  2 orc skeletons (Ossuary)
  A rat (D:2)
42 creatures vanquished.
